AoeStats
← 知耻而后勇喜笑颜开

Arabia

508578200Analyzed
1v1 RM · 9d ago on Sep 23, 2026· 25m 8s· 2 players
Game mode
Random Map
Map size
Tiny (2 player)
Population
200
Speed
Normal
Resources
Standard
Victory
Conquest
Starting age
Dark Age
Ending age
Imperial Age
RankedLock teamsTeams togetherTeam positionsShared explorationLock speedFull tech treeHidden civsTurbo modeCheats
Victory
Defeat
1348
+15
🇦🇺 Varangians · Australia
1325
-15
Nukeorlas
6:52 Loom
8:54 Feudal Age
12:21 Double-Bit Axe
16:14 Horse Collar
18:59 Scale Barding Armor
19:41 Bloodlines
21:41 Castle Age
20:22 Wheelbarrow
20:26 Gold Mining
20:48 Forging
21:08 Bloodlines
22:05 Stone Mining
22:50 Bow Saw
23:22 Stone Shaft Mining
知耻而后勇喜笑颜开
6:36 Loom
10:37 Feudal Age
14:53 Castle Age
12:39 Horse Collar
14:54 Double-Bit Axe
20:10 Fervor
20:20 Town Watch
21:42 Heavy Plow
22:48 Bow Saw
24:51 Wheelbarrow
24:20 Gold Mining
24:20 Stone Mining
Connection lost

Rejoining the realm…

Still unreachable

The connection could not be restored.

Session expired

The server has moved on; the page needs a fresh start.